 Dungeon Crawl Stone Soup version 0.26-a0-631-ged93497179 (webtiles) character file.

Game seed: 5681633441586474622

37 IcyTea the Vexing (level 3, -2/26 HPs)
             Began as a Draconian Enchanter on Sept 12, 2020.
             Slain by Natasha (4 damage)
             ... on level 1 of the Dungeon.
             The game lasted 00:05:04 (1397 turns).

IcyTea the Vexing (Draconian Enchanter)             Turns: 1397, Time: 00:05:06

Health: -2/26      AC:  5    Str:  7 (10) XL:     3   Next: 23%
Magic:  0/6        EV: 12    Int: 14 (16) God:
Gold:   50         SH:  0    Dex: 10 (11) Spells: 0/6 levels left

rFire    . . .     SeeInvis .   f - +0 short sword
rCold    + . .     Faith    .   (no shield)
rNeg     . . .     Spirit   .   (armour unavailable)
rPois    .         Reflect  .   (helmet restricted)
rElec    .         Harm     .   (no cloak)
rCorr    .         Rampage  .   (no gloves)
MR       .....                  (no boots)
Stlth    ++........             (no amulet)
HPRegen  0.08/turn              k - ring of protection from cold
MPRegen  0.10/turn              (no ring)

@: brilliant, slowed, very slow
A: unfitting armour, cold-blooded, AC +5
a: no special abilities


You were on level 1 of the Dungeon.
You visited 1 branch of the dungeon, and saw 2 of its levels.

You collected 50 gold pieces.

Inventory:

Hand Weapons
 a - a +1 dagger
 f - a +0 short sword (weapon)
Missiles
 l - 14 poisoned darts (quivered)
Jewellery
 k - a ring of protection from cold (left hand)
Scrolls
 c - 4 scrolls of identify {unknown}
 e - a scroll of fear {unknown}
 h - a scroll of remove curse {unknown}
Potions
 b - a potion of brilliance
 g - a potion of curing {unknown}
 i - a potion of berserk rage {unknown}
 j - a potion of heal wounds {unknown}


   Skills:
 - Level 1.0 Short Blades
 - Level 1.7 Dodging
 - Level 2.6 Stealth
 - Level 2.0 Spellcasting
 + Level 4.0 Hexes


You couldn't memorise any spells.
You knew the following spells:

 Your Spells              Type           Power        Failure   Level
a - Corona                Hex            ###....      4%          1
b - Ensorcelled Hibernat  Hex/Ice        ##....       16%         2
c - Confusing Touch       Hex            ###.....     14%         3

Your spell library contained the following spells:

 Spells                   Type           Power        Failure   Level
 Tukima's Dance           Hex            ###.....     14%         3
 Dazzling Flash           Conj/Hex       ##....       30%         3


Dungeon Overview and Level Annotations

Branches:
Dungeon (2/15)

Altars:

Annotations:
D:1 Natasha


Innate Abilities, Weirdness & Mutations

Your plain brown scales are hard. (AC +5)
You cannot fit into any form of body armour.
You are cold-blooded and may be slowed by cold attacks.


Message History

You barely miss Natasha.
Natasha is moderately wounded.
Natasha barely misses you.
You closely miss Natasha.
Natasha is moderately wounded.
Natasha claws you!
* * * LOW HITPOINT WARNING * * *
Natasha stares at you and mumbles some strange words.
The magic dart hits you but does no damage.
It was a potion of brilliance.
You feel clever all of a sudden. Natasha barely misses you.
It was a potion of degeneration.
There was something very wrong with that liquid.
You feel weakened.
You feel dopey.
You feel clumsy.
Natasha casts a spell.
Natasha howls an incantation.
Natasha's front paws start to glow.
Natasha claws you.
You die...

#.# #####..#### #..##..#...#..
#.## #.........## ##......###....
#..# #......##..###....##.##.....
##.# #......###.....#........####
#.# #..................##.......
#.###......#####.##..##########.
#..##.............#...## ##
##.#####..#............#########
#.# ##......@.....#.......... #.#
#.......h5.....#.###..## #.#
##......................
###.#######...........###..######
.>....................###..# #
.).....................###.#
....................#..###.#
.....(.....................#
...............)........##.#


You could see an iron imp (summoned) and Natasha.

Vanquished Creatures
  An adder (D:2)
  4 hobgoblins
  5 bats (D:1)
  A frilled lizard (D:1)
  5 goblins
  6 kobolds
  8 rats
30 creatures vanquished.

Notes
Turn   | Place    | Note
-------+----------+-------------------------------------------
     0 | D:1      | IcyTea the Draconian Enchanter began the quest for the Orb.
     0 | D:1      | Reached XP level 1. HP: 14/14 MP: 3/3
    21 | D:1      | Reached skill level 3 in Hexes
   194 | D:1      | Reached XP level 2. HP: 20/20 MP: 5/5
   210 | D:1      | Learned a level 2 spell: Ensorcelled Hibernation
   915 | D:2      | Reached XP level 3. HP: 14/26 MP: 2/6
   920 | D:2      | Learned a level 3 spell: Confusing Touch
  1081 | D:2      | Reached skill level 4 in Hexes
  1090 | D:2      | Noticed Natasha
  1397 | D:1      | Slain by Natasha

Illustrated notes

Levels and vault maps discovered:
D:1:      tarquinn_simple_flora_water_f, layout_rooms
D:2:      layout_rooms, lemuel_round_altar, uniq_robin, uniq_natasha

Skill      XL: |  1  2  3 |
---------------+----------+-----
Hexes          | 3 4 |  4.0
Short Blades   | |  1.0
Dodging        | |  1.7
Stealth        | |  2.6
Spellcasting   | |  2.0

Action                   || total
-------------------------++-------
Melee: Dagger            ||    71
       Tailslap          ||     9
       Short sword       ||    35
Throw: Dart              ||     4
 Cast: Ensorcelled Hiber ||    11
       Corona            ||     1
  Use: Potion            ||     2
 Stab: Sleeping          ||     3
Armor: Skin              ||    51
Dodge: Dodged            ||   112

Table legend: (Time is in decaauts)
 A = Elapsed time spent in this place.
 B = Non-inter-level travel time spent in this place.
 C = Inter-level travel time spent in this place.
 D = Time resting spent in this place.
 E = Time spent auto-exploring this place.
 F = Levels seen in this place.
 G = Mean time per level.
                   A        B        C        D        E       F      G
               +--------+--------+--------+--------+--------+-----+--------+
         Total |   1398 |   1398 |      0 |    688 |    284 |   2 |  699.0 |
       Dungeon |   1398 |   1398 |      0 |    688 |    284 |   2 |  699.0 |
               +--------+--------+--------+--------+--------+-----+--------+

Top non-repeatable levels by time:
     D:1: 1168 daAuts
     D:2: 229 daAuts
